[Event "Team 45 45 League T53"]
[Site "Internet Chess Club"]
[Date "2012.06.16"]
[Round "5"]
[White "houseofcook"]
[Black "ilovechess"]
[Result "1-0"]
[WhiteElo "1508"]
[BlackElo "1499"]
[Opening "Scotch gambit: Dubois-Réti defense"]
[ECO "C55"]
[Time "13:00:35"]
[TimeControl "2700+45"]

1. e4 e5 2. Nf3 Nc6 3. d4 exd4 4. Bc4 Nf6 5. e5 Ng4 6. Qe2 Be7 7. O-O O-O 8. h3
d5 9. Bb5 d3 10. Bxd3 Nh6 11. Bxh6 gxh6 12. Qe3 Kh8 13. Qxh6 f5 14. exf6 Bxf6
15. Qxh7# {Black checkmated} 1-0

[Event "Team 45 45 League T53"]
[Site "Internet Chess Club"]
[Date "2012.06.17"]
[Round "5"]
[White "browndeer"]
[Black "MateIn42"]
[Result "1/2-1/2"]
[WhiteElo "1531"]
[BlackElo "1364"]
[Opening "Ruy Lopez: 5.O-O"]
[ECO "C78"]
[Time "11:25:23"]
[TimeControl "2700+45"]

1. e4 e5 2. Nf3 Nc6 3. Bb5 a6 4. Ba4 Nf6 5. O-O b5 6. Bb3 Be7 7. d3 O-O 8. Bg5
d6 9. Nc3 Nd7 10. Bxe7 Nxe7 11. Nd5 Nxd5 12. Bxd5 Rb8 13. Qd2 Nf6 14. Bb3 Bb7
15. a3 d5 16. exd5 Bxd5 17. Nxe5 Qd6 18. Bxd5 Qxd5 19. Nf3 Rfe8 20. Qa5 Qc6 21.
Qd2 Re7 22. Rfe1 Rbe8 23. Rxe7 Rxe7 24. Nd4 Qd5 25. Nb3 Qe5 26. h3 Qxb2 27. Qc1
Qc3 28. Qd1 Qe5 29. Qd2 h6 30. Rb1 Qe2 31. Qxe2 Rxe2 32. Rc1 Nd5 33. Kf1 Re7 34.
Re1 Kf8 35. Nc5 Rxe1+ {Game drawn by mutual agreement} 1/2-1/2

[Event "Team 45 45 League T53"]
[Site "Internet Chess Club"]
[Date "2012.06.18"]
[Round "5"]
[White "mattphelps"]
[Black "almond123"]
[Result "1/2-1/2"]
[WhiteElo "1413"]
[BlackElo "1429"]
[Opening "Giuoco Pianissimo"]
[ECO "C55"]
[Time "21:00:31"]
[TimeControl "2700+45"]

1. e4 e5 2. Nf3 Nc6 3. Bc4 Nf6 4. d3 Bc5 5. Bg5 h6 6. Bxf6 Qxf6 7. Nc3 O-O 8.
Nd5 Qd8 9. O-O d6 10. c3 Ne7 11. Nxe7+ Qxe7 12. Re1 Be6 13. Bxe6 Qxe6 14. d4
exd4 15. Nxd4 Bxd4 16. Qxd4 Rfe8 17. b3 f5 18. f3 c5 19. Qd5 Qxd5 20. exd5 Kf7
21. Kf2 Rad8 22. Rxe8 Rxe8 23. Re1 Rxe1 24. Kxe1 Kf6 25. f4 g5 26. g3 h5 27. h4
g4 28. Kd2 b5 29. c4 b4 30. Kc2 a5 31. Kb2 Ke7 32. a4 Kd7 33. Kc2 {Game drawn by
mutual agreement} 1/2-1/2

[Event "Team 45 45 League T53"]
[Site "Internet Chess Club"]
[Date "2012.06.16"]
[Round "5"]
[White "sdcohle"]
[Black "oldsj"]
[Result "0-1"]
[WhiteElo "1384"]
[BlackElo "1639"]
[Opening "King's Indian: orthodox, Aronin-Taimanov variation (Yugoslav attack / Mar del Plata variation)"]
[ECO "E97"]
[Time "10:31:26"]
[TimeControl "2700+45"]

1. d4 Nf6 2. c4 g6 3. Nc3 Bg7 4. e4 d6 5. Nf3 O-O 6. Be2 e5 7. O-O Nc6 8. Bg5 h6
9. Bh4 g5 10. Bg3 g4 11. Nh4 Nxd4 12. Bd3 h5 13. f4 exf4 14. Rxf4 Bh6 15. Rf1
Ne8 16. Nf5 Nxf5 17. exf5 Be3+ 18. Bf2 Qg5 19. Qe1 Bxf2+ 20. Rxf2 Nf6 21. Ne4
Nxe4 22. Qxe4 Qf6 23. Re2 Bd7 24. Qe7 Qd4+ 25. Qe3 Qxe3+ 26. Rxe3 f6 27. Rae1
Rae8 28. Kf2 c5 29. Kg3 Rxe3+ 30. Rxe3 Re8 31. Rxe8+ Bxe8 32. Be4 b6 33. b3 Kf8
34. Kh4 Ke7 35. h3 gxh3 36. gxh3 Kf8 37. Bf3 Bd7 38. Be4 Be8 39. a4 Kg7 40. Kg3
Kh6 41. h4 Kg7 42. Kf4 Kf8 43. Bd5 Ke7 44. Ke4 Kd8 45. Ba8 Bf7 46. Kd3 Kc7 47.
Be4 a6 48. Ba8 b5 49. axb5 axb5 50. Kc3 bxc4 51. bxc4 Kb6 52. Bf3 Ka5 53. Bd5
Bxd5 54. cxd5 Kb5 55. Kd3 Kb4 56. Kc2 Kc4 57. Kd2 Kb3 58. Kc1 Kc3 59. Kd1 Kb2
60. Kd2 c4 61. Kd1 c3 {White resigns} 0-1

[Event "Team 45 45 League T53"]
[Site "Internet Chess Club"]
[Date "2012.06.19"]
[Round "5"]
[White "eagle"]
[Black "smsxman"]
[Result "1-0"]
[WhiteElo "1537"]
[BlackElo "1501"]
[Opening "Scotch game"]
[ECO "C45"]
[Time "18:17:20"]
[TimeControl "2700+45"]

1. e4 e5 2. Nf3 Nc6 3. d4 exd4 4. Nxd4 Qe7 5. Nc3 Nf6 6. Nxc6 dxc6 7. Bd3 Bg4 8.
f3 Bd7 9. O-O Qc5+ 10. Kh1 Bd6 11. f4 Bg4 12. Qe1 Be7 13. e5 Nd5 14. Nxd5 cxd5
15. Qg3 h5 16. f5 Qb6 17. b3 O-O-O 18. Be3 Bc5 19. Bxc5 Qxc5 20. Qf2 d4 21. Rae1
g6 22. h3 Bxf5 23. Bxf5+ gxf5 24. Qxf5+ Kb8 25. c4 Rdf8 26. Rd1 Qb6 27. Qf4 Qa6
28. Qxd4 Qxa2 29. e6 Rhg8 30. Rf2 Qxb3 31. exf7 Rh8 32. Re1 Qa4 33. Qxh8 Qb4 34.
Re8+ {Black resigns} 1-0

[Event "Team 45 45 League T53"]
[Site "Internet Chess Club"]
[Date "2012.06.15"]
[Round "5"]
[White "Toalla"]
[Black "stanbeers"]
[Result "1/2-1/2"]
[WhiteElo "1282"]
[BlackElo "1424"]
[Opening "Philidor: Hanham variation"]
[ECO "B07"]
[Time "15:07:15"]
[TimeControl "2700+45"]

1. e4 d6 2. d4 Nd7 3. Nf3 e5 4. Bc4 h6 5. Nc3 c6 6. Be3 Ngf6 7. Qe2 Be7 8. O-O-O
Qc7 9. dxe5 dxe5 10. a3 Nf8 11. h3 Ne6 12. g4 g5 13. Ba2 Nf4 14. Bxf4 gxf4 15.
g5 Ng8 16. gxh6 Nxh6 17. Nd2 Bg5 18. f3 Be6 19. Nb3 Bd7 20. Nc5 Bc8 21. Rd2 Be7
22. Rhd1 Bxc5 23. Rd8+ Qxd8 24. Rxd8+ Kxd8 25. Qc4 Be3+ 26. Kb1 Be6 27. Qb4
Bxa2+ 28. Kxa2 Kd7 29. Qxb7+ Kd6 30. Qb4+ Bc5 31. Qc4 Rab8 32. b4 Bd4 33. Ne2
Be3 34. Nc3 Bd4 35. Ne2 Be3 36. Nc3 Rhc8 37. Qd3+ Ke6 38. Na4 Kf6 39. Qd6+ Kg7
40. Qxe5+ f6 41. Qe7+ Nf7 42. Nb2 Kg6 43. Nd3 a5 44. h4 Ne5 45. Nxe5+ fxe5 46.
Qxe5 axb4 47. h5+ Kf7 48. axb4 Rd8 49. c3 Ra8+ 50. Kb3 c5 51. Qc7+ Kg8 52. bxc5
Rac8 53. Qe7 Bxc5 54. Qg5+ Kh8 55. h6 Bf8 56. Qxf4 Kh7 57. e5 Bxh6 58. Qf5+ Kh8
59. Qf6+ Bg7 60. Qh4+ Kg8 61. f4 Rd3 62. Qe1 Rdxc3+ 63. Qxc3 Rxc3+ 64. Kxc3 Kf7
65. Kd4 Ke6 66. Ke4 Bh6 67. f5+ Ke7 68. Kd5 Bg5 69. f6+ Bxf6 70. exf6+ Kxf6
{Game drawn because neither player has mating material} 1/2-1/2

[Event "Team 45 45 League T53"]
[Site "Internet Chess Club"]
[Date "2012.06.15"]
[Round "5"]
[White "wekabird"]
[Black "chicopee-ed"]
[Result "0-1"]
[WhiteElo "1173"]
[BlackElo "1328"]
[Opening "English opening"]
[ECO "A22"]
[Time "16:00:36"]
[TimeControl "2700+45"]

1. c4 e5 2. Nc3 Nf6 3. e4 Bc5 4. h3 Nc6 5. Nf3 O-O 6. g3 h6 7. Bg2 d6 8. O-O Nd4
9. Nxd4 Bxd4 10. Ne2 c5 11. Nxd4 cxd4 12. d3 Be6 13. b3 Rc8 14. Bb2 Qd7 15. Kh2
b5 16. Rc1 a5 17. cxb5 Qxb5 18. Rxc8 Rxc8 19. a4 Qxb3 20. Qxb3 Bxb3 21. Ra1 Nd7
22. Ba3 Nc5 23. Bxc5 Rxc5 24. Rb1 Bxa4 25. Rb8+ Kh7 26. Rb7 f6 27. h4 Bc2 28.
Bf1 a4 29. Rb6 Ra5 30. Rxd6 a3 31. Rc6 a2 32. Rxc2 a1=Q 33. Bg2 Ra2 34. Rxa2
Qxa2 35. Kg1 Qb1+ 36. Bf1 Qd1 37. Kg2 Kg6 38. Kg1 Kh5 39. Kg2 Kg4 40. Kg1 Kf3
41. h5 Kg4 42. Kg2 Kxh5 43. f3 g5 44. Kf2 Qd2+ 45. Be2 Qe3+ 46. Ke1 Kg6 47. g4
Qf4 48. Kd1 h5 49. gxh5+ Kxh5 50. Kc2 Kh4 51. Kb3 Kg3 52. Kc4 Kf2 53. Kd5 Kxe2
54. Ke6 Kxd3 55. Kd5 Ke2 56. Ke6 d3 {White resigns} 0-1

[Event "Team 45 45 League T53"]
[Site "Internet Chess Club"]
[Date "2012.06.16"]
[Round "5"]
[White "Zugzwanged"]
[Black "slowdown"]
[Result "1-0"]
[WhiteElo "1660"]
[BlackElo "1586"]
[Opening "Scotch: Potter variation"]
[ECO "C45"]
[Time "10:01:09"]
[TimeControl "2700+45"]

1. e4 e5 2. Nf3 Nc6 3. d4 exd4 4. Nxd4 Bc5 5. Nb3 Bb6 6. Nc3 Qf6 7. Qe2 Nge7 8.
Be3 O-O 9. O-O-O d6 10. f3 Be6 11. Kb1 Rfe8 12. h4 Bxe3 13. Qxe3 d5 14. g4 d4
15. Nxd4 Nxd4 16. Rxd4 Nc6 17. Rd1 Rad8 18. Be2 Rxd1+ 19. Bxd1 Bc4 20. Qc5 Ba6
21. Nd5 Qd8 22. b4 Ne5 23. Qxc7 Nc4 24. Qxd8 Rxd8 25. Kc1 b6 26. Be2 {Black
resigns} 1-0

[Event "Team 45 45 League T53"]
[Site "Internet Chess Club"]
[Date "2012.06.17"]
[Round "5"]
[White "ticopatzer"]
[Black "Timotheous"]
[Result "1-0"]
[WhiteElo "1673"]
[BlackElo "1739"]
[Opening "Sicilian: accelerated fianchetto, modern variation"]
[ECO "B34"]
[Time "10:05:09"]
[TimeControl "2700+45"]

1. e4 c5 2. Nf3 Nc6 3. d4 cxd4 4. Nxd4 g6 5. Nc3 Bg7 6. Be3 Nf6 7. f3 O-O 8. Qd2
d5 9. O-O-O dxe4 10. Nxc6 Qxd2+ 11. Rxd2 bxc6 12. Nxe4 Nxe4 13. fxe4 Bb7 14. Rd7
Bc8 15. Rxe7 Be6 16. a3 a6 17. Rc7 Rfc8 18. Rxc8+ Bxc8 19. Bc4 Be6 20. Bxe6 fxe6
21. Rd1 Bf8 22. Rd7 a5 23. Rc7 Ra6 24. g3 a4 25. Kd2 h5 26. Kd3 e5 27. Kc4 Bd6
28. Rc8+ Kf7 29. Bc5 Ke7 30. Rg8 Kf7 31. Rd8 Be7 {Black resigns} 1-0

[Event "Team 45 45 League T53"]
[Site "Internet Chess Club"]
[Date "2012.06.16"]
[Round "5"]
[White "supermessi"]
[Black "MinnArkie"]
[Result "0-1"]
[WhiteElo "1507"]
[BlackElo "1573"]
[Opening "King's Indian: East Indian defense"]
[ECO "A48"]
[Time "13:00:42"]
[TimeControl "2700+45"]

1. d4 Nf6 2. Nf3 g6 3. e3 Bg7 4. Bd3 d5 5. b3 Bg4 6. h3 Bxf3 7. Qxf3 c6 8. O-O
O-O 9. Bb2 Nbd7 10. Nd2 Ne8 11. c4 Ndf6 12. Rac1 Nd6 13. c5 Nde8 14. Qe2 Nd7 15.
Nf3 f5 16. Ng5 Nc7 17. Bc3 e5 18. dxe5 Qxg5 19. f4 Qe7 20. a3 Nxc5 21. Bb4 N7e6
22. Qc2 b6 23. a4 Rfc8 24. Ba6 Rc7 25. Be2 Bf8 26. Ra1 Qd8 27. a5 Ne4 28. Be1
Bc5 29. Rf3 Nd4 30. Qd3 Nxe2+ 31. Qxe2 d4 32. b4 d3 33. Qa2+ Qd5 34. bxc5 bxc5
35. Qxd5+ cxd5 36. Ra2 Rb8 37. Bd2 c4 38. Be1 c3 39. Bxc3 Rxc3 40. Rf1 d2 41.
Rd1 Rxe3 42. Kh2 Rc8 43. a6 Rd3 44. Raa1 Nf2 45. Rf1 d1=Q 46. Raxd1 Nxd1 47. Re1
Rc2 48. e6 Ne3 49. Rg1 Rd1 50. Rxd1 Nxd1 51. Kg3 Re2 52. Kf3 Re3# {White
checkmated} 0-1

[Event "Team 45 45 League T53"]
[Site "Internet Chess Club"]
[Date "2012.06.17"]
[Round "5"]
[White "realchess"]
[Black "Q2012"]
[Result "0-1"]
[WhiteElo "1685"]
[BlackElo "1251"]
[Opening "Sicilian: dragon, classical, Richter variation"]
[ECO "B73"]
[Time "21:00:29"]
[TimeControl "2700+45"]

1. e4 c5 2. Nf3 d6 3. d4 cxd4 4. Nxd4 g6 5. Nc3 Bg7 6. Be3 Nf6 7. Be2 O-O 8. O-O
Nc6 9. Qd2 Nxd4 10. Bxd4 a6 11. a4 Rb8 12. f4 Qa5 13. b4 Qd8 14. f5 Bd7 15. g4
e5 16. Be3 Bc6 17. Bf3 b5 18. axb5 axb5 19. g5 Ne8 20. f6 Bh8 21. h4 Qd7 22. Kf2
Nc7 23. Rh1 Rfd8 24. Rh2 d5 25. exd5 Nxd5 26. Nxd5 Bxd5 27. Rd1 Qf5 28. Qe2 e4
29. Rdh1 exf3 30. Qe1 Qxc2+ 31. Kg3 Qf5 32. Qf2 Be6 33. Qe1 Rd3 34. h5 Qg4+ 35.
Kf2 gxh5 36. Rg1 Qc4 37. Rxh5 Rc8 38. Rgh1 Bf5 39. R5h4 Qc2+ 40. Kg3 Qg2+ 41.
Kf4 f2 42. Qxf2 Qe4+ 43. Kg3 Qxe3+ 44. Qxe3 Rxe3+ 45. Kf4 Re4+ 46. Kxf5 Rxh4 47.
Rxh4 Rc4 48. Rxc4 bxc4 49. Ke4 h6 50. gxh6 Bxf6 51. b5 Bd8 52. Kd4 c3 53. Kxc3
Kh7 54. Kd4 Kxh6 55. Ke5 Kg6 56. Kf4 Kf6 57. Kg4 Ke5 58. Kf3 f6 59. Ke3 Bb6+ 60.
Kf3 Kf5 61. Kg3 Ke4 62. Kg2 f5 63. Kg3 Ke3 64. Kg2 Bc7 65. Kf1 f4 66. Kg2 Ke2
67. Kg1 f3 {White resigns} 0-1

[Event "Team 45 45 League T53"]
[Site "Internet Chess Club"]
[Date "2012.06.13"]
[Round "5"]
[White "crazyhorses"]
[Black "ScotchYeti"]
[Result "1-0"]
[WhiteElo "1500"]
[BlackElo "1646"]
[Opening "Sicilian defense"]
[ECO "B40"]
[Time "15:00:54"]
[TimeControl "2700+45"]

1. e4 c5 2. Nf3 e6 3. d3 Nc6 4. Nbd2 Qc7 5. g3 Nf6 6. Bg2 d5 7. O-O Be7 8. Re1
O-O 9. Qe2 Nb4 10. Nb3 dxe4 11. dxe4 b6 12. Bf4 Qd8 13. Rad1 Qe8 14. a3 Ba6 15.
Qd2 Rd8 16. Qc1 Rxd1 17. Rxd1 Nc6 18. Ne5 Bb7 19. Nxc6 Bxc6 20. Nd2 Qa8 21. Nc4
Bxe4 22. Bxe4 Qxe4 23. Nd6 Qc6 24. c4 Nh5 25. g4 Nxf4 26. Qxf4 Bf6 27. Nb5 a6
28. Rd6 Qb7 29. Nc3 Be7 30. Rd3 b5 31. Qd2 h6 32. Rd7 Bg5 33. Rxb7 Bxd2 34. cxb5
axb5 35. Rxb5 Rc8 36. a4 Ra8 37. a5 Bxc3 38. bxc3 c4 39. f4 f6 40. Kf2 Kf7 41.
Ke3 Ra7 42. Kd4 g5 43. fxg5 hxg5 44. Kxc4 Ke7 45. Kc5 Kd7 46. Kb6 Rc7 47. a6 Kc8
48. Rc5 Rxc5 49. Kxc5 Kb8 50. Kb6 e5 51. c4 e4 52. c5 e3 53. a7+ Ka8 54. c6
{Black resigns} 1-0

[Event "Team 45 45 League T53"]
[Site "Internet Chess Club"]
[Date "2012.06.17"]
[Round "5"]
[White "cBishop"]
[Black "Rhel"]
[Result "1/2-1/2"]
[WhiteElo "1593"]
[BlackElo "1631"]
[Opening "Sicilian defense"]
[ECO "B33"]
[Time "06:01:17"]
[TimeControl "2700+45"]

1. e4 c5 2. Nf3 Nc6 3. d4 cxd4 4. Nxd4 Nf6 5. f3 Qb6 6. c3 e6 7. Nb5 d5 8. exd5
Nxd5 9. Bc4 Nce7 10. Qe2 Bd7 11. a4 a6 12. Nd4 Nf6 13. Be3 Qc7 14. O-O Ned5 15.
Bf2 Nf4 16. Qe3 Nxg2 17. Kxg2 Qxc4 18. Nd2 Qd5 19. b4 Be7 20. Kh1 O-O 21. Rg1 e5
22. Ne2 Ng4 23. Rxg4 Bxg4 24. Rg1 Be6 25. c4 Qd6 26. Qh6 g6 27. Bc5 Qd7 28. Ne4
f5 29. Rxg6+ {Game drawn by mutual agreement} 1/2-1/2

[Event "Team 45 45 League T53"]
[Site "Internet Chess Club"]
[Date "2012.06.16"]
[Round "5"]
[White "Whalen"]
[Black "cepheid"]
[Result "1-0"]
[WhiteElo "1656"]
[BlackElo "1627"]
[Opening "English: symmetrical variation"]
[ECO "A34"]
[Time "10:00:39"]
[TimeControl "2700+45"]

1. c4 c5 2. Nc3 g6 3. Nf3 Bg7 4. d4 cxd4 5. Nxd4 Nc6 6. e3 Nf6 7. Be2 O-O 8. O-O
d6 9. Rb1 Nxd4 10. exd4 Bf5 11. Bd3 Bxd3 12. Qxd3 d5 13. Re1 dxc4 14. Qxc4 Rc8
15. Qb4 Qd7 16. Rxe7 Qf5 17. Re1 b6 18. Be3 Rfe8 19. Nb5 Rc2 20. Nd6 Nd5 21. Qa4
Qd3 22. Qxe8+ Bf8 23. Qxf7+ Kh8 24. Qxf8# {Black checkmated} 1-0

[Event "Team 45 45 League T53"]
[Site "Internet Chess Club"]
[Date "2012.06.14"]
[Round "5"]
[White "Hal2001"]
[Black "KnightDwarf"]
[Result "1-0"]
[WhiteElo "1629"]
[BlackElo "1543"]
[Opening "Sicilian: closed"]
[ECO "B23"]
[Time "12:03:29"]
[TimeControl "2700+45"]

1. e4 c5 2. Nc3 d6 3. f4 Nc6 4. Nf3 Nf6 5. Bb5 a6 6. Bxc6+ bxc6 7. O-O Bg4 8. d3
e6 9. h3 Bh5 10. Qe2 Be7 11. g4 Nxg4 12. hxg4 Bxg4 13. Qg2 h5 14. Nh2 f5 15. Nf3
Rh6 16. Ng5 Bxg5 17. fxg5 Rg6 18. exf5 exf5 19. Qxc6+ Kf7 20. Qd5+ Kf8 21. Rxf5+
Bxf5 22. Qxf5+ Kg8 23. Qxg6 Qe7 24. Ne4 h4 25. Bd2 d5 26. Nf6+ Kf8 27. Nh7+ Kg8
28. Rf1 Qc7 29. Nf6+ Kf8 30. Nxd5+ {Black resigns} 1-0

[Event "Team 45 45 League T53"]
[Site "Internet Chess Club"]
[Date "2012.06.19"]
[Round "5"]
[White "chess9793"]
[Black "grabuark"]
[Result "1/2-1/2"]
[WhiteElo "2156"]
[BlackElo "2190"]
[Opening "Sicilian: dragon, Yugoslav attack, 10.O-O-O"]
[ECO "B78"]
[Time "23:04:02"]
[TimeControl "2700+45"]

1. e4 c5 2. Nf3 d6 3. d4 cxd4 4. Nxd4 Nf6 5. Nc3 g6 6. Be3 Bg7 7. f3 O-O 8. Qd2
Nc6 9. Bc4 Bd7 10. O-O-O Rb8 11. Bb3 Na5 12. Bh6 Bxh6 13. Qxh6 b5 14. g4 Nxb3+
15. Nxb3 b4 16. Nd5 Nxd5 17. exd5 Rb6 18. h4 e5 19. Nd2 Ra6 20. h5 g5 21. Ne4 f6
22. Kb1 Qe7 23. Rhe1 Qg7 24. Qxg7+ Kxg7 25. Re3 h6 26. a3 bxa3 27. Rxa3 Rxa3 28.
bxa3 Rb8+ 29. Ka1 Rb6 30. Rb1 f5 31. Rxb6 axb6 32. gxf5 Bxf5 33. Nxd6 Bxc2 34.
Nc4 e4 35. Ne3 Bd3 36. d6 Kf6 37. Ng4+ Ke6 38. fxe4 Kxd6 39. Nxh6 Ke6 40. Nf5
Bxe4 41. Ng3 Bh7 42. Kb2 Ke5 43. h6 Kf4 44. Nh5+ Kf5 45. Kc3 Kg6 46. Ng3 Kxh6
47. Kd4 g4 48. Ke5 Kg5 49. Nf1 Bb1 50. Ng3 Kh4 51. Kf4 Bd3 52. Nh1 Bg6 53. Ng3
Bf7 {Game drawn by mutual agreement} 1/2-1/2

[Event "Team 45 45 League T53"]
[Site "Internet Chess Club"]
[Date "2012.06.16"]
[Round "5"]
[White "Zumbi"]
[Black "flyingpawns"]
[Result "1-0"]
[WhiteElo "2146"]
[BlackElo "1811"]
[Opening "French: Tarrasch, open variation"]
[ECO "C07"]
[Time "23:19:37"]
[TimeControl "2700+45"]

1. e4 e6 2. d4 d5 3. Nd2 c5 4. Ngf3 a6 5. exd5 exd5 6. dxc5 Bxc5 7. Nb3 Bd6 8.
Bd3 Ne7 9. O-O Nbc6 10. Re1 h6 11. c3 Bg4 12. h3 Bd7 13. Be3 O-O 14. Qc2 Rc8 15.
Rad1 Nb4 16. Qd2 Nxd3 17. Qxd3 Bf5 18. Qe2 Re8 19. Nh4 Be4 20. Qg4 Ng6 21. Nxg6
Bxg6 22. Nd4 Re4 23. Qf3 Qa5 24. Nf5 Bf8 25. a3 Rce8 26. g4 Qb5 27. Rd2 b6 28.
Red1 Bxf5 29. Qxf5 R4e5 30. Qd3 Qb3 31. Qxa6 Bc5 32. Bf4 Re4 33. Bg3 Re2 34. Kg2
Qc4 35. Qxc4 dxc4 36. Kf3 Rxd2 37. Rxd2 Re1 38. Bd6 {Black resigns} 1-0

[Event "Team 45 45 League T53"]
[Site "Internet Chess Club"]
[Date "2012.06.14"]
[Round "5"]
[White "chess-fan"]
[Black "Goli"]
[Result "0-1"]
[WhiteElo "1630"]
[BlackElo "1885"]
[Opening "Pirc: classical system, 5.Be2"]
[ECO "B06"]
[Time "17:00:40"]
[TimeControl "2700+45"]

1. e4 g6 2. d4 Bg7 3. Nf3 d6 4. Nc3 Nf6 5. Be2 O-O 6. O-O Bg4 7. Be3 Nc6 8. Qd2
Bxf3 9. Bxf3 e5 10. d5 Ne7 11. Be2 Nd7 12. f4 f5 13. fxe5 Nxe5 14. Rad1 a6 15.
Bh6 b5 16. Qg5 Nf7 17. Qe3 Bxh6 18. Qh3 Bg7 19. Rd3 Ng5 20. Qe3 Nxe4 21. Nxe4
fxe4 22. Qxe4 Rxf1+ 23. Bxf1 Bxb2 24. Qe6+ Kh8 25. c3 Nf5 26. g4 Ng7 27. Qf7 Qf8
28. Qxc7 Rc8 29. Qa5 Rc4 30. Qxa6 Rxc3 31. Rd2 Rc1 32. Qxb5 Be5 33. a4 h5 34.
Qe2 hxg4 35. a5 Bc3 36. Ra2 Bd4+ 37. Kg2 Qf3+ {White resigns} 0-1

[Event "Team 45 45 League T53"]
[Site "Internet Chess Club"]
[Date "2012.06.17"]
[Round "5"]
[White "Innes"]
[Black "Fezzik"]
[Result "0-1"]
[WhiteElo "1749"]
[BlackElo "2178"]
[Opening "Caro-Kann: advance variation"]
[ECO "B12"]
[Time "16:34:30"]
[TimeControl "2700+45"]

1. e4 c6 2. d4 d5 3. e5 Bf5 4. g4 Bg6 5. e6 fxe6 6. Nc3 Qd6 7. Nge2 Nd7 8. Bf4
e5 9. dxe5 Nxe5 10. Bg2 Nf6 11. Qd4 Nfd7 12. O-O-O Qf6 13. Rhe1 Nxg4 14. Qa4
Nxf2 15. Nxd5 cxd5 16. Rxd5 Qc6 17. Qxc6 bxc6 18. Rd2 Ne4 19. Bxe4 Bxe4 20. Nd4
Bd5 21. Ne6 Bxe6 22. Rxe6 Rc8 23. Rde2 Kf7 24. Kd2 Nf6 25. c4 g6 26. h3 Ng8 27.
b3 Bg7 28. R6e3 Rd8+ 29. Kc2 Rd7 30. Re6 Nh6 31. Rxc6 Nf5 32. Be3 Nxe3+ 33. Rxe3
Bf6 34. Rf3 Rhd8 35. Rf2 Rd3 36. h4 Rc3+ 37. Kb1 Rd1+ 38. Kb2 Rf3+ 39. Kc2 Rxf2+
40. Kxd1 Rxa2 {White resigns} 0-1

[Event "Team 45 45 League T53"]
[Site "Internet Chess Club"]
[Date "2012.06.16"]
[Round "5"]
[White "DreamCatcher13"]
[Black "WillC"]
[Result "1-0"]
[WhiteElo "2022"]
[BlackElo "1788"]
[Opening "Sicilian: dragon, Yugoslav attack, Rauser variation"]
[ECO "B76"]
[Time "22:05:29"]
[TimeControl "2700+45"]

1. e4 c5 2. Nf3 d6 3. d4 cxd4 4. Nxd4 Nf6 5. Nc3 g6 6. Be3 Bg7 7. f3 O-O 8. Qd2
Nc6 9. O-O-O Nxd4 10. Bxd4 Be6 11. Kb1 a6 12. h4 h5 13. g4 hxg4 14. h5 Nxh5 15.
Bxg7 Kxg7 16. Rxh5 gxh5 17. Qg5+ Kh7 18. Qxh5+ Kg7 19. Qg5+ Kh7 20. Bd3 {Black
resigns} 1-0

[Event "Team 45 45 League T53"]
[Site "Internet Chess Club"]
[Date "2012.06.14"]
[Round "5"]
[White "Portola"]
[Black "AntonioMendonca"]
[Result "0-1"]
[WhiteElo "1741"]
[BlackElo "1883"]
[Opening "Queen's pawn"]
[ECO "A40"]
[Time "16:41:21"]
[TimeControl "2700+45"]

1. d4 e6 2. Nf3 Nf6 3. Bf4 b6 4. e3 Bb7 5. Bd3 c5 6. c3 cxd4 7. exd4 Nc6 8. Nbd2
Be7 9. O-O Nh5 10. Be3 Nf6 11. Qc2 Qc7 12. Rfe1 h6 13. Ne4 Rc8 14. Qe2 Nd5 15.
Rac1 f5 16. Nh4 Bxh4 17. Qh5+ Kf8 18. Qxh4 fxe4 19. Bxe4 Nce7 20. Bg5 Kf7 21.
Qh5+ Kg8 22. Bh4 Nf4 23. Qf3 Bxe4 24. Qxe4 g5 25. Bg3 Rh7 26. c4 Rf7 27. h3 Qc6
28. d5 exd5 29. cxd5 Qxd5 30. Bxf4 Qxe4 31. Rxc8+ Nxc8 32. Rxe4 Rxf4 33. Rxf4
gxf4 34. Kf1 Kf7 35. Ke2 Ke6 36. Kd3 Ke5 37. g3 fxg3 38. fxg3 Nd6 39. a4 Ne4
{White resigns} 0-1

[Event "Team 45 45 League T53"]
[Site "Internet Chess Club"]
[Date "2012.06.18"]
[Round "5"]
[White "Juan73"]
[Black "JustinL"]
[Result "1-0"]
[WhiteElo "1694"]
[BlackElo "1927"]
[Opening "Three knights game"]
[ECO "C46"]
[Time "19:12:23"]
[TimeControl "2700+45"]

1. e4 e5 2. Nf3 Nc6 3. Nc3 Bc5 4. Bb5 d6 5. Na4 Ne7 6. Nxc5 dxc5 7. Nxe5 Qd4 8.
Nxc6 bxc6 9. Bd3 c4 10. Be2 Qxe4 11. O-O Be6 12. Re1 O-O 13. b3 cxb3 14. axb3
Qd4 15. Ra4 Qf6 16. Ba3 Rfd8 17. Bc4 Nd5 18. Ra6 Qd4 19. Rxc6 Nc3 20. Qa1 Qxd2
21. Bxe6 fxe6 22. Qxc3 Qxc3 23. Rxc3 Rd7 24. g3 Re8 25. Rc6 Kf7 26. Re4 g5 27.
Rec4 Rd1+ 28. Kg2 Red8 29. Rxc7+ Kg6 30. Rxa7 h5 31. Rcc7 g4 32. Rg7+ Kf5 33.
Ra4 e5 34. Rf7+ Kg6 35. Rf8 R8d2 36. Ra6+ Kg7 37. Ra7+ Kg6 38. Rc7 Ra1 39. Bb2
Rb1 40. Bxe5 Rdd1 41. Rf6+ Kg5 {Black resigns} 1-0

[Event "Team 45 45 League T53"]
[Site "Internet Chess Club"]
[Date "2012.06.17"]
[Round "5"]
[White "Kingofknights"]
[Black "calily"]
[Result "1-0"]
[WhiteElo "1622"]
[BlackElo "1601"]
[Opening "Grünfeld: 5.e3"]
[ECO "D94"]
[Time "10:10:09"]
[TimeControl "2700+45"]

1. d4 Nf6 2. c4 g6 3. Nc3 d5 4. e3 Bg7 5. Nf3 c6 6. Be2 O-O 7. O-O Bf5 8. Nh4
Bc8 9. f4 e6 10. Nf3 Nbd7 11. c5 Re8 12. b4 Qc7 13. Bb2 Ng4 14. Qd2 f6 15. h3
Nh6 16. e4 dxe4 17. Nxe4 Nf7 18. Rad1 Rd8 19. Qe3 e5 20. fxe5 fxe5 21. d5 cxd5
22. Rxd5 Bh6 23. Qb3 Nf8 24. Rxd8 Qxd8 25. Nxe5 Be6 26. Bc4 Nxe5 27. Bxe6+ Kh8
28. Bxe5+ Bg7 29. Bxg7+ Kxg7 30. Rf7+ Kh6 31. Qe3+ g5 32. Rf6+ Ng6 33. Qxg5+ Kg7
34. Rf7+ Kg8 35. Rd7+ {Black resigns} 1-0

[Event "Team 45 45 League T53"]
[Site "Internet Chess Club"]
[Date "2012.06.16"]
[Round "5"]
[White "PANAMA-REY"]
[Black "Bryant-L"]
[Result "0-1"]
[WhiteElo "1493"]
[BlackElo "1473"]
[Opening "French defense"]
[ECO "C00"]
[Time "10:01:26"]
[TimeControl "2700+45"]

1. e4 e6 2. Nf3 d5 3. exd5 exd5 4. d4 Nf6 5. Bd3 Bd6 6. Nc3 O-O 7. O-O Bg4 8. h3
Bh5 9. Bg5 c6 10. Kh1 Nbd7 11. Re1 Qc7 12. Re3 h6 13. Bxf6 Nxf6 14. Re1 Rae8 15.
Be2 Ne4 16. Qd3 Nxf2+ 17. Kg1 Nxd3 18. Bxd3 Bxf3 19. gxf3 Qb6 20. Red1 Qxd4+ 21.
Kg2 Qf4 22. Kf1 Qxf3+ 23. Kg1 Bc5+ 24. Kh2 Bd6+ 25. Kg1 Qg3+ 26. Kf1 Bc5 27. Rd2
Qg1# {White checkmated} 0-1

[Event "Team 45 45 League T53"]
[Site "Internet Chess Club"]
[Date "2012.06.17"]
[Round "5"]
[White "caglar"]
[Black "pereelcoix"]
[Result "0-1"]
[WhiteElo "1419"]
[BlackElo "1220"]
[Opening "King's pawn game"]
[ECO "C50"]
[Time "06:01:27"]
[TimeControl "2700+45"]

1. e4 e5 2. Nf3 Nc6 3. Bc4 h6 4. O-O Bc5 5. Nxe5 Nxe5 6. d4 Nxc4 7. dxc5 Ne5 8.
f4 Nc6 9. Nc3 Nge7 10. Nd5 Nxd5 11. exd5 Ne7 12. d6 cxd6 13. cxd6 Nf5 14. Re1+
Kf8 15. Qd5 Qb6+ 16. Kh1 Qf2 17. Qe5 Kg8 18. Bd2 Nh4 19. Qd5 Ng6 20. Re8+ Kh7
21. Rxh8+ Nxh8 22. Bc3 Qxf4 23. g3 Qg5 24. Qe4+ Qg6 25. Qd4 f6 26. Rc1 Qg5 27.
Bd2 Qe5 28. Qd3+ Ng6 29. Re1 Qc5 30. h4 Rb8 31. b4 Qh5 32. Be3 b6 33. Bf4 Bb7+
34. Kh2 Qf3 35. Qxf3 Bxf3 36. Re3 Nxf4 37. Rxf3 Nd5 38. c3 Rc8 39. a3 Rxc3 40.
Rxc3 Nxc3 41. Kg2 Ne4 42. Kf3 Nxd6 43. a4 a5 44. bxa5 bxa5 45. Ke3 g5 46. hxg5
hxg5 47. g4 f5 48. gxf5 Nxf5+ 49. Kf3 Kh6 {White resigns} 0-1